 Dungeon Crawl Stone Soup version 0.28.0-45-g0d030f2227 (webtiles) character file.

Game seed: 18374801770095817413

1179 psko the Magician (level 8, -2/37 HPs)
             Began as a Spriggan Conjurer on May 14, 2022.
             Was an Initiate of Gozag.
             Succumbed to a water moccasin's poison
             ... on level 5 of the Dungeon.
             The game lasted 00:30:23 (7841 turns).

psko the Magician (Spriggan Conjurer)               Turns: 7841, Time: 00:30:25

Health: -2/37      AC:  3    Str:  3    XL:     8   Next: 18%
Magic:  5/19       EV: 19    Int: 22    God:    Gozag
Gold:   979        SH:  0    Dex: 19    Spells: 15/21 levels left

rFire   . . .      SeeInvis +   x - +0 flail (protect)
rCold   . . .      Faith    .   (no shield)
rNeg    . . .      Spirit   .   a - +0 robe
rPois   .          Reflect  .   (helmet restricted)
rElec   .          Harm     .   r - +0 cloak
rCorr   .          Rampage  .   (gloves unavailable)
Will    +....                   (boots unavailable)
Stlth   +++.......              (no amulet)
HPRegen 0.12/turn               i - ring of see invisible
MPRegen 0.16/turn               t - +6 ring of dexterity

@: lethally poisoned (-2 -> -32), gold aura, very quick
A: very small, no large weapons, unfitting armour, see invisible, speed 3
a: Renounce Religion, Potion Petition, Call Merchant, Bribe Branch


You were on level 5 of the Dungeon.
You worshipped Gozag.
Gozag was pleased with you.
You visited 2 branches of the dungeon, and saw 6 of its levels.

You collected 979 gold pieces.

Inventory:

Hand Weapons
 b - a +0 dagger
 d - a +0 short sword
 o - a +0 dagger of speed
 w - a +1 flail of holy wrath
 x - a +0 flail of protection (weapon)
 y - a +4 hunting sling
 z - a +1 whip of venom
Missiles
 e - a throwing net
Armour
 a - a +0 robe (worn)
 r - a +0 cloak (worn)
 s - a +2 helmet
Jewellery
 i - a ring of see invisible (left hand)
 t - a +6 ring of dexterity (right hand)
Wands
 m - a wand of flame (12)
Scrolls
 c - a scroll of summoning {unknown}
 h - 3 scrolls of identify {unknown}
 l - a scroll of immolation {unknown}
 u - a scroll of fear {unknown}
 v - a scroll of enchant armour {unknown}
 A - a scroll of blinking {unknown}
 B - a scroll of enchant weapon {unknown}
Potions
 f - 3 potions of curing {unknown}
 g - 2 potions of berserk rage {unknown}
 j - 3 potions of heal wounds {unknown}
 k - a potion of brilliance {unknown}
 n - a potion of ambrosia {unknown}
 q - 2 potions of flight {unknown}
Miscellaneous
 p - a piece from Xom's chessboard (15/15)


   Skills:
 + Level 1.0 Fighting
 + Level 1.0 Short Blades
 + Level 0.1 Maces & Flails
 + Level 4.1 Dodging
 + Level 5.3 Stealth
 + Level 7.1 Spellcasting
 + Level 6.0 Conjurations


You had 15 spell levels left.
You knew the following spells:

 Your Spells              Type           Power      Damage    Failure   Level
a - Magic Dart            Conj           100%       1d8       1%          1
b - Searing Ray           Conj           68%        2d6       1%          2
c - Dazzling Flash        Conj/Hex       42%        N/A       7%          3

Your spell library contained the following spells:

 Spells                   Type           Power      Damage    Failure   Level
 Gell's Gravitas          Tloc           7%         N/A       24%         3
 Lesser Beckoning         Tloc           7%         N/A       24%         3
 Ozocubu's Armour         Ice            7%         N/A       24%         3
 Teleport Other           Tloc           7%         N/A       24%         3
 Fulminant Prism          Conj/Hex       10%        3d9       24%         4
 Iskenderun's Mystic Bla  Conj/Tloc      21%        2d6       24%         4
 Ozocubu's Refrigeration  Ice            3%         4d5       100%        7


Dungeon Overview and Level Annotations

Branches:
Dungeon (5/15)             Temple (1/1) D:4

Altars:
Ashenzari
Cheibriados
Dithmenos
Elyvilon
Fedhas
Gozag
Hepliaklqana
Kikubaaqudgha
Makhleb
Nemelex Xobeh
Okawaru
Qazlal
Ru
Sif Muna
Trog
Uskayaw
Vehumet
Wu Jian
Xom
Yredelemnul
Zin
The Shining One

Shops:
D:2 =


Innate Abilities, Weirdness & Mutations

You are very small and have problems with some larger weapons.
You are too small for most types of armour.
You have supernaturally acute eyesight. (SInv)
You cover ground extremely quickly. (Speed+++)


Message History

(Press . to maintain the ray.)
You feel sick. The water moccasin closely misses you.
Casting: Searing Ray (safe; 1% risk of failure)
Confirm with . or Enter, or press ? or * to list all spells.
You don't know that spell.
Unknown command.
Casting: Searing Ray (safe; 1% risk of failure)
Confirm with . or Enter, or press ? or * to list all spells.
Restarting spell: Searing Ray (safe; 1% risk of failure)
Press: ? - help, Shift-Dir - straight line, f/p - water moccasin
Aim: a water moccasin (heavily wounded, 68% to hit)
The searing ray misses the water moccasin.
The searing ray hits the hound skeleton!
You destroy the hound skeleton! (Press . to maintain the ray.)
You feel sick.
The water moccasin completely misses you.
Your Conjurations skill increases to level 6!
You barely miss the water moccasin.
The water moccasin is heavily wounded.
You feel sick. The water moccasin barely misses you.
The water moccasin closely misses you.
You miss the water moccasin.
The water moccasin is heavily wounded.
You feel sick. The water moccasin barely misses you.
The water moccasin bites you.
You barely miss the water moccasin.
The water moccasin is heavily wounded.
You feel sick. The water moccasin bites you.
You are lethally poisoned!
The water moccasin poisons you! The water moccasin bites you.
* * * LOW HITPOINT WARNING * * *
You are more poisoned.
The water moccasin poisons you!
* * * LOW HITPOINT WARNING * * *
You feel very sick.
* * * LOW HITPOINT WARNING * * *
You feel very sick.
You die...
Your body crumbles into a pile of gold.

#..#.........###
#..#.........'.#
#..#.###.....#.#
...###.#.....#.#
##.#...##...##.#
...#....#...##.#
.#.#....######.#
.#.#....# #.#######
.#......# ##S.@....#
##....### #.######.#
##..###.#####.######.#
##......+....$........
##.#....#####..#####..
##.#....# #..#
.#'###### #....#
......# #..#.# ......#
##.#..#


You could see a water moccasin.

Vanquished Creatures
  A sky beast (D:4)
  A black bear (D:5)
  A necrophage (D:5)
  A bullfrog (D:5)
  3 scorpions
  3 hounds
  2 jellies
  A bullfrog skeleton (D:5)
  A gnoll shaman (D:5)
  An orc priest (D:5)
  An iguana (D:5)
  2 orc wizards (D:5)
  2 hound skeletons (D:5)
  9 gnolls
  14 adders
  A white imp (D:5)
  2 ufetubi
  An adder skeleton (D:3)
  2 worms
  4 dart slugs
  6 orcs
  4 bats
  7 endoplasms
  7 giant cockroaches
  4 goblins
  6 hobgoblins
  4 jackals
  5 quokkas
  6 ball pythons
  9 frilled lizards (D:5)
  5 kobolds
  5 rats
121 creatures vanquished.

Vanquished Creatures (others)
  6 plants (D:5)
6 creatures vanquished.

Grand Total: 127 creatures vanquished

Notes
Turn   | Place    | Note
-------+----------+-------------------------------------------
     0 | D:1      | psko the Spriggan Conjurer began the quest for the Orb.
     0 | D:1      | Reached XP level 1. HP: 9/9 MP: 5/5
   168 | D:1      | Reached XP level 2. HP: 5/13 MP: 0/6
   365 | D:1      | Found a faded altar of an unknown god.
   416 | D:1      | Prayed at the altar of an unknown god.
   416 | D:1      | Became a worshipper of Gozag Ym Sagoz the Greedy
   984 | D:1      | Reached skill level 3 in Spellcasting
  1335 | D:1      | Reached XP level 3. HP: 16/16 MP: 4/8
  1511 | D:2      | Learned a level 2 spell: Searing Ray
  1850 | D:2      | Found Uzuqakk's Jewellery Shoppe.
  2084 | D:2      | Reached XP level 4. HP: 16/21 MP: 6/9
  2631 | D:3      | Reached skill level 1 in Short Blades
  2854 | D:3      | Reached XP level 5. HP: 24/24 MP: 5/11
  3341 | D:3      | Reached skill level 4 in Spellcasting
  4338 | D:4      | Learned a level 3 spell: Dazzling Flash
  4671 | D:4      | Found a bloodstained altar of Trog.
  4785 | D:4      | Reached XP level 6. HP: 28/28 MP: 9/14
  4874 | D:4      | Found a staircase to the Ecumenical Temple.
  4881 | Temple   | Entered the Ecumenical Temple
  5344 | D:4      | Noticed a sky beast
  5374 | D:4      | Reached skill level 5 in Spellcasting
  5654 | D:4      | Killed a sky beast
  5823 | D:5      | Entered Level 5 of the Dungeon
  5982 | D:5      | Reached XP level 7. HP: 32/32 MP: 6/16
  6217 | D:5      | Reached skill level 5 in Stealth
  6217 | D:5      | Reached skill level 6 in Spellcasting
  6411 | D:5      | Reached skill level 5 in Conjurations
  7413 | D:5      | Reached XP level 8. HP: 28/37 MP: 1/19
  7833 | D:5      | Reached skill level 1 in Fighting
  7833 | D:5      | Reached skill level 7 in Spellcasting
  7841 | D:5      | Succumbed to a water moccasin's poison

Illustrated notes

Levels and vault maps discovered:
D:1:      minmay_arrival_open_corners, layout_basic,
          shapermc_ecumenical_altar_starsandcircs
D:2:      layout_basic, serial_shops, shop, palyth_stone_intersect, st_stairs_7,
          kennysheep_pointless_box, nrook_loot_triangle, nrook_mini_backslash,
          dk_noncrumbling_2
D:3:      minmay_octagon_keep, layout_basic
D:4:      layout_cave_pools, bloody_trog, minmay_temple_entry_nine_rooms
D:5:      layout_basic, minmay_lizard_king
Temple:   roderic_octagonal_lattice_temple

Skill      XL: |  1  2  3  4  5  6  7  8 |
---------------+-------------------------+-----
Conjurations   | 3 4 5 6 |  6.0
Spellcasting   | 3 4 5 6 7 |  7.1
Dodging        | 3 4 |  4.1
Short Blades   | 1 |  1.0
Stealth        | 4 5 |  5.3
Fighting       | 1 |  1.0
Maces & Flails | |  0.1

Action                   |  1- 3 |  4- 6 |  7- 9 || total
-------------------------+-------+-------+-------++-------
Melee: Dagger            |    21 |     1 |     6 ||    28
       Short sword       |     7 |       |       ||     7
       Flail             |       |       |     5 ||     5
 Cast: Magic Dart        |    85 |   128 |    70 ||   283
       Searing Ray       |     2 |    23 |    45 ||    70
Armor: Robe              |     4 |     4 |     6 ||    14
Dodge: Dodged            |    48 |    15 |    45 ||   108
